 Dungeon Crawl Stone Soup version 0.30-a0-457-g4b7bca3bfa (webtiles) character file.

Game seed: 2208163586793073504

74 cforsyth the Trooper (level 4, -14/61 HPs)
             Began as a Minotaur Berserker on Dec 12, 2022.
             Was a Follower of Trog.
             Demolished by an ogre
             ... wielding a +0 giant spiked club
              (21 damage)
             ... on level 4 of the Dungeon.
             The game lasted 00:01:40 (940 turns).

cforsyth the Trooper (Minotaur Berserker)            Turns: 940, Time: 00:01:41

Health: -14/61     AC: 11    Str: 23    XL:     4   Next: 9%
Magic:  3/3        EV:  7    Int:  4    God:    Trog [*.....]
Gold:   22         SH:  0    Dex: 10    Spells: 3/3 levels left

rFire   . . .      SeeInvis .    a - +0 hand axe
rCold   . . .      Faith    .    (no shield)
rNeg    . . .      Spirit   .    j - +0 plate armour
rPois   .          Reflect  .    (helmet restricted)
rElec   .          Harm     .    h - scarf {+Inv}
rCorr   .          Rampage  .    (no gloves)
Will    .....                    (no boots)
Stlth   ..........               (no amulet)
HPRegen 0.30/turn                c - ring of flight
MPRegen 0.08/turn                (no ring)

@: berserking, flying, very quick
A: horns 2, retaliatory headbutt
a: Renounce Religion, Evoke Invisibility, Berserk


You were on level 4 of the Dungeon.
You worshipped Trog.
Trog was aware of your devotion.
You visited 1 branch of the dungeon, and saw 3 of its levels.

You collected 22 gold pieces.

Inventory:

Hand Weapons
 a - a +0 hand axe (weapon)
Armour
 h - a scarf of invisibility (worn)
 j - a +0 plate armour (worn)
Jewellery
 c - a ring of flight (left hand)
Scrolls
 f - a scroll of acquirement {unknown}
 g - a scroll of identify {unknown}
 i - a scroll of teleportation {unknown}
Potions
 e - 2 potions of resistance {unknown}


   Skills:
 + Level 4.3 Fighting
 + Level 4.3 Axes
 + Level 3.3 Armour
 + Level 3.1 Dodging


You had 3 spell levels left.
You didn't know any spells.
Your spell library was empty.

Dungeon Overview and Level Annotations

Branches:
Dungeon (2/15)

Altars:


Innate Abilities, Weirdness & Mutations

You have a pair of horns on your head.
You reflexively headbutt those who attack you in melee.


Message History

The hound bites you but does no damage.
You hit the ogre.
The ogre is lightly wounded.
You hit the hound. The hound bites you but does no damage.
You barely miss the ogre.
The ogre is lightly wounded.
You hit the hound. The hound bites you but does no damage.
The ogre barely misses you. The hound bites you.
You hit the hound. Your headbutt misses the hound.
The hound is severely wounded.
You barely miss the ogre. The hound bites you.
The ogre hits you with a +0 giant spiked club!!
Ouch! That really hurt!
* * * LOW HITPOINT WARNING * * *
You are too injured to fight recklessly!
You are too injured to fight recklessly!
You are too injured to fight recklessly!
Unknown command.
A red film seems to cover your vision as you go berserk!
You feel yourself moving faster!
You feel mighty! The hound bites you but does no damage. The hound misses you.
You furiously retaliate!
You headbutt the hound!
You kill the hound!
Trog accepts your kill. The ogre barely misses you.
Your Dodging skill increases to level 3!
You have reached level 4!
You feel agile.
You barely miss the ogre.
The ogre is lightly wounded.
You slash the ogre!
The ogre is moderately wounded.
You hit the orc. You hit the ogre. Your headbutt misses the ogre.
The ogre is heavily wounded.
You slash the orc!
You kill the orc!
Trog accepts your kill.
The ogre hits you with a +0 giant spiked club!!
You die...

#........#
#...##...#.....#
#...##...#.....#
#........#.....#
#........#.....#
#........#.....#
#........#.....#
#........#)O...#
#........#@....#
#........#.....#
#........#.....#
#........#.....#
#........#.....#
#........#.....#
#........#.....#
#........#.....#
#...##...#.....#


You could see an ogre.

Vanquished Creatures
  A hound (D:4)
  An adder (D:2)
  A worm (D:2)
  2 dart slugs (D:1)
  An orc (D:4)
  A ball python (D:1)
  5 bats (D:1)
  3 endoplasms
  A giant cockroach (D:4)
  2 hobgoblins
  3 jackals (D:1)
  2 kobolds (D:1)
  2 quokkas
  A frilled lizard (D:2)
  3 rats
29 creatures vanquished.

Notes
Turn   | Place    | Note
-------+----------+-------------------------------------------
     0 | D:1      | cforsyth the Minotaur Berserker began the quest for the
                  | Orb.
     0 | D:1      | Reached XP level 1. HP: 19/19 MP: 0/0
   149 | D:1      | Reached XP level 2. HP: 23/27 MP: 1/1
   765 | D:2      | Reached XP level 3. HP: 28/33 MP: 2/2
   841 | D:2      | You are sucked into a shaft and drop 2 floors!
   930 | D:4      | Noticed an ogre
   938 | D:4      | Reached XP level 4. HP: 7/41 MP: 3/3
   940 | D:4      | Demolished by an ogre

Illustrated notes

Levels and vault maps discovered:
D:1:      minmay_arrival_shattered_statue, layout_basic
D:2:      layout_basic, minmay_increasing_density
D:4:      layout_gridville

Skill      XL: |  1  2  3 |
---------------+----------+-----
Axes           | 4 |  4.3
Fighting       | 4 |  4.3
Armour         | 3 |  3.3
Dodging        | 3 |  3.1

Action                   |  1- 3 |  4- 6 || total
-------------------------+-------+-------++-------
Melee: Hand axe          |    72 |     3 ||    75
       Headbutt          |    11 |       ||    11
       Punch             |     1 |       ||     1
Invok: Berserk           |     1 |       ||     1
Armor: Animal skin       |     6 |       ||     6
       Plate armour      |    32 |       ||    32
Dodge: Dodged            |    43 |       ||    43

Table legend: (Time is in decaauts)
 A = Elapsed time spent in this place.
 B = Non-inter-level travel time spent in this place.
 C = Inter-level travel time spent in this place.
 D = Time resting spent in this place.
 E = Time spent auto-exploring this place.
 F = Levels seen in this place.
 G = Mean time per level.
                   A        B        C        D        E       F      G
               +--------+--------+--------+--------+--------+-----+--------+
         Total |    945 |    925 |     20 |      0 |    721 |   3 |  315.0 |
       Dungeon |    945 |    925 |     20 |      0 |    721 |   3 |  315.0 |
               +--------+--------+--------+--------+--------+-----+--------+

Top non-repeatable levels by time:
     D:1: 698 daAuts
     D:2: 147 daAuts
     D:4: 99 daAuts
